 Dungeon Crawl Stone Soup version 0.29-a0-551-gffc1d7fb78 (webtiles) character file.

Game seed: 7502172298499622777

12 shadowstone the Firebug (level 2, -1/15 HPs)
             Began as a Tengu Fire Elementalist on June 5, 2022.
             Slain by a jackal (2 damage)
             ... on level 1 of the Dungeon.
             The game lasted 00:02:22 (775 turns).

shadowstone the Firebug (Tengu Fire Elementalist)    Turns: 775, Time: 00:02:23

Health: -1/15      AC:  5    Str:  8    XL:     2   Next: 33%
Magic:  6/6        EV: 10    Int: 15    God:
Gold:   6          SH:  0    Dex: 14    Spells: 4/5 levels left

rFire   . . .      SeeInvis .   (no weapon)
rCold   . . .      Faith    .   (no shield)
rNeg    . . .      Spirit   .   c - +0 ring mail
rPois   .          Reflect  .   (helmet restricted)
rElec   .          Harm     .   (no cloak)
rCorr   .          Rampage  .   (no gloves)
Will    .....                   (boots unavailable)
Stlth   +.........              (no amulet)
HPRegen 0.05/turn               (no ring)
MPRegen 0.10/turn               (no ring)

@: no status effects
A: beak, talons 3
a: no special abilities


You were on level 1 of the Dungeon.
You visited 1 branch of the dungeon, and saw 1 of its levels.

You collected 6 gold pieces.

Inventory:

Armour
 a - a +0 robe
 c - a +0 ring mail (worn)
Scrolls
 d - a scroll of amnesia {unknown}
Potions
 b - a potion of magic


   Skills:
 + Level 0.4 Armour
 + Level 2.4 Dodging
 + Level 2.2 Stealth
 + Level 0.4 Unarmed Combat
 + Level 2.0 Spellcasting
 + Level 1.3 Conjurations
 + Level 3.5 Fire Magic


You had 4 spell levels left.
You knew the following spells:

 Your Spells              Type           Power      Damage    Failure   Level
a - Foxfire               Conj/Fire      32%        2x1d5     26%         1

Your spell library contained the following spells:

 Spells                   Type           Power      Damage    Failure   Level
 Scorch                   Fire           24%        2d6       24%         2
 Conjure Flame            Conj/Fire      8%         6-21      58%         3
 Inner Flame              Hex/Fire       6%         N/A       69%         3
 Ensorcelled Hibernation  Hex/Ice        2%         N/A       71%         2
 Passwall                 Tmut/Erth      0%         N/A       71%         2
 Swiftness                Air            1%         N/A       90%         3
 Flame Wave               Conj/Fire      8%         2d5       94%         4


Dungeon Overview and Level Annotations

Branches:
Dungeon (1/15)

Altars:


Innate Abilities, Weirdness & Mutations

You have a beak for a mouth.
You have claws for feet.


Message History

The jackal closely misses you.
The jackal bites you but does no damage.
The bat hits you but does no damage.
You closely miss the jackal.
The jackal is heavily wounded.
The bat closely misses you.
The jackal bites you but does no damage.
The jackal barely misses you. x2
The jackal bites you but does no damage.
You hit the jackal but do no damage. You claw the jackal.
You kill the jackal!
The jackal bites you but does no damage.
The bat hits you but does no damage. The bat hits you but does no damage.
The jackal closely misses you.
You see here a jackal corpse.
The jackal attacks as you move away! The jackal misses you.
The jackal closely misses you. The bat hits you.
* * * LOW HITPOINT WARNING * * *
The bat attacks as you move away! The bat closely misses you.
The jackal attacks as you move away!
The jackal bites you but does no damage.
The bat misses you. The jackal bites you.
* * * LOW HITPOINT WARNING * * *
The jackal attacks as you move away! The jackal closely misses you.
The jackal bites you.
* * * LOW HITPOINT WARNING * * *
The jackal attacks as you move away! The jackal bites you.
* * * LOW HITPOINT WARNING * * *
The jackal bites you but does no damage.
The bat closely misses you. The jackal attacks as you move away!
The jackal bites you but does no damage.
The bat hits you but does no damage.
A giant cockroach comes into view.
The jackal attacks as you move away! The jackal closely misses you.
The jackal bites you.
* * * LOW HITPOINT WARNING * * *
The giant cockroach barely misses you. The jackal bites you.
You die...

##.########'#######
#..................
#..........###.....
#..........# ....
##.######### ...
#.######## ..
#......... .
###h........
#.'@B.......
#.#.........
#.#.........
#.'.........
###.........
#.............
#.###########.


You could see a jackal and a giant cockroach.

Vanquished Creatures
  2 bats (D:1)
  An endoplasm (D:1)
  A giant cockroach (D:1)
  2 goblins (D:1)
  A hobgoblin (D:1)
  A jackal (D:1)
  2 rats (D:1)
10 creatures vanquished.

Vanquished Creatures (others)
  4 foxfires (D:1)
4 creatures vanquished.

Grand Total: 14 creatures vanquished

Notes
Turn   | Place    | Note
-------+----------+-------------------------------------------
     0 | D:1      | shadowstone the Tengu Fire Elementalist began the quest for
                  | the Orb.
     0 | D:1      | Reached XP level 1. HP: 10/10 MP: 4/4
   382 | D:1      | Reached XP level 2. HP: 9/15 MP: 4/6
   775 | D:1      | Slain by a jackal

Illustrated notes

Levels and vault maps discovered:
D:1:      grunt_arrival_lava_bath, layout_basic

Action                   || total
-------------------------++-------
Melee: Unarmed           ||    43
       Kick              ||    12
       Peck              ||     7
 Cast: Foxfire           ||     2
Armor: Ring mail         ||    75
       Robe              ||     1
Dodge: Dodged            ||   101

Table legend: (Time is in decaauts)
 A = Elapsed time spent in this place.
 B = Non-inter-level travel time spent in this place.
 C = Inter-level travel time spent in this place.
 D = Time resting spent in this place.
 E = Time spent auto-exploring this place.
 F = Levels seen in this place.
 G = Mean time per level.
                   A        B        C        D        E       F      G
               +--------+--------+--------+--------+--------+-----+--------+
         Total |    775 |    775 |      0 |    337 |      0 |   1 |  775.0 |
       Dungeon |    775 |    775 |      0 |    337 |      0 |   1 |  775.0 |
               +--------+--------+--------+--------+--------+-----+--------+

Top non-repeatable levels by time:
     D:1: 775 daAuts
